 Dungeon Crawl Stone Soup version 0.19-a0-1320-g0178847 (webtiles) character file.

56401 Kidiri the Thaumaturge (level 14, -4/80 HPs)
             Began as a Deep Elf Fire Elementalist on Aug 31, 2016.
             Was a High Priest of Vehumet.
             Killed from afar by Azrael (9 damage)
             ... with a bolt of fire
             ... on level 1 of the Orcish Mines.
             The game lasted 01:52:49 (25173 turns).

Kidiri the Thaumaturge (DEFE)                      Turns: 25173, Time: 01:52:50

Health: -4/80      AC: 17    Str:  5      XL:     14   Next: 41%
Magic:  0/34       EV: 18    Int: 29 (30) God:    Vehumet [*****.]
Gold:   1383       SH:  7    Dex: 20      Spells: 12 memorised, 5 levels left

rFire  + . .     SeeInvis .     E - +5 dagger (venom)
rCold  + + .     Gourm    .     h - +1 leather armour {rF+}
rNeg   . . .     Faith    .     I - +1 buckler of Conscience {rF- Dex+5}
rPois  +         Spirit   +     O - +1 helmet {Int+3}
rElec  .         Dismiss  .     f - +1 cloak
rCorr  .         Reflect  .     w - +1 pair of gloves
MR     ++...     Harm     .     l - +1 pair of boots
Stlth  ++........               J - amulet "Fuokeh" {Spirit rF+ MR+ Int+3}
                                z - ring of poison resistance
                                P - ring of protection from cold

@: exhausted, slowed, repel missiles, very slow
A: talons 1, icy blue scales 1, thin metallic scales 1, cold resistance 1, dopey
1, evolution 1
a: Renounce Religion


You were on level 1 of the Orcish Mines.
You worshipped Vehumet.
Vehumet was extremely pleased with you.
You were hungry.

You visited 4 branches of the dungeon, and saw 20 of its levels.

You collected 1830 gold pieces.
You spent 447 gold pieces at shops.

Inventory:

Hand Weapons
 E - a +5 dagger of venom (weapon)
Armour
 f - a +1 cloak (worn)
 h - a +1 leather armour of fire resistance (worn)
 l - a +1 pair of boots (worn)
 w - a +1 pair of gloves (worn)
 C - a mottled dragon hide
 I - the +1 buckler of Conscience (worn) {rF- Dex+5}
   (You found it on level 4 of the Lair of Beasts)

   It affects your dexterity (+5).
   It makes you vulnerable to fire.
 O - a +1 helmet of intelligence (worn)
Jewellery
 a - an uncursed amulet of dismissal
 z - a ring of poison resistance (right hand)
 J - the amulet "Fuokeh" (around neck) {Spirit rF+ MR+ Int+3}
   (You found it on level 8 of the Dungeon)

   [amulet of guardian spirit]

   It causes incoming damage to be split between your health and magic.
   It affects your intelligence (+3).
   It protects you from fire.
   It affects your resistance to hostile enchantments.
 P - a ring of protection from cold (left hand)
 S - an uncursed ring of flight
Wands
 g - a wand of flame (23/48)
 k - a wand of slowing (19/48)
 q - a wand of iceblast (15/15)
 D - a wand of confusion (25/48)
 H - a wand of paralysis (11/24)
 Z - a wand of digging (9/24)
Scrolls
 e - 3 scrolls of remove curse
 i - 6 scrolls of magic mapping
 r - a scroll of teleportation
 y - 3 scrolls of immolation
 A - 4 scrolls of fog
 F - a scroll of fear
Potions
 b - 2 potions of haste
 m - 3 potions of flight
 o - 6 potions of brilliance
 p - a potion of agility
 t - 2 potions of might
 B - a potion of resistance
 G - 2 potions of cure mutation
 K - 2 potions of lignification
 L - a potion of berserk rage
Comestibles
 c - 13 bread rations
 d - 6 beef jerkies
 n - 10 meat rations
 u - 26 fruits


   Skills:
 + Level 6.4 Fighting
 + Level 7.4 Short Blades
 + Level 6.2 Armour
 + Level 9.6 Dodging
 - Level 2.4 Stealth
 - Level 4.0 Shields
 * Level 14.8 Spellcasting
 + Level 9.7 Conjurations
 + Level 10.0 Fire Magic
 + Level 4.9 Air Magic
 + Level 7.0 Earth Magic
 + Level 8.5 Evocations


You had 5 spell levels left.
You knew the following spells:

 Your Spells              Type           Power        Failure   Level  Hunger
a - Flame Tongue          Conj/Fire      #####        1%          1    None
b - Throw Flame           Conj/Fire      ######       1%          2    None
c - Conjure Flame         Conj/Fire      ######..     1%          3    None
d - Inner Flame           Hex/Fire       ######..     1%          3    None
e - Sticky Flame          Conj/Fire      ######..     1%          4    None
f - Fireball              Conj/Fire      ######....   1%          5    None
g - Bolt of Magma         Conj/Fire/Erth ######....   1%          5    None
h - Stone Arrow           Conj/Erth      ######       1%          3    None
i - Repel Missiles        Chrm/Air       #####.       1%          2    None
j - Mephitic Cloud        Conj/Pois/Air  #####...     1%          3    None
k - Sandblast             Erth           ######       1%          1    None
l - Lee's Rapid Deconstr  Erth           ######....   2%          5    None


Dungeon Overview and Level Annotations

Branches:
Dungeon (11/15)            Temple (1/1) D:7            Lair (6/6) D:11
  Swamp (0/4) Lair:3        Snake (0/4) Lair:4        Slime (0/5) Lair:6
    Orc (2/2) D:11            Elf (0/3) Orc:2

Altars:
Ashenzari
Cheibriados
Dithmenos
Elyvilon
Fedhas
Gozag
Hepliaklqana
Kikubaaqudgha
Makhleb
Nemelex Xobeh
Okawaru
Qazlal
Ru
Sif Muna
Trog
Uskayaw
Vehumet
Xom
Yredelemnul
Zin
The Shining One
Jiyva

Shops:
D:4 [   D:9 [

Annotations:
Orc:1 Azrael


Innate Abilities, Weirdness & Mutations

You have sharp toenails.
You are partially covered in icy blue scales. (AC +2)
You are partially covered in thin metallic scales. (AC +2)
Your flesh is cold resistant. (rC+)
You are dopey. (Int -2)
You evolve.


Message History

You are exhausted.
You feel yourself slow down.
You are feeling hungry.
Unknown command.
Okay, then.
Unknown command.
As you read the scroll of fear, it crumbles to dust.
You assume a fearsome visage.
The fire elemental is unaffected.
Azrael is unaffected.
The fire elemental closely misses you. You block the fire elemental's attack.
Azrael gestures at you.
The fireball explodes!
The fireball engulfs the fire elemental.
The fire elemental completely resists.
The fireball engulfs you! You resist.
* * * LOW HITPOINT WARNING * * *
Azrael laughs insanely.
Azrael gestures at you.
The bolt of fire hits the fire elemental.
The fire elemental completely resists.
The bolt of fire hits you! You resist.
You die...

.....#.......).[[..#
............[[.....##
............§[[.....#
.##.##.##....§#.....#
#######.#....§.....##
#........§R....#
##.#..#...§#...#
###...#..#E...#
##.#....@...#
##.........##
#......#...#
##.........#
##........#
##...##.## ########


You could see Azrael and a fire elemental.

Vanquished Creatures
  Kirke (Lair:4)
  A fire dragon (Lair:6)
  A yaktaur captain (D:8)
  Harold (D:10)
  5 hydras
  A centaur warrior (D:8)
  Urug (D:10)
  A fire crab (Lair:6)
  2 hill giants
  A harpy (D:8)
  3 griffons
  A wolf spider (Lair:6)
  2 cyclopes
  2 ugly things
  2 orc sorcerers (Orc:1)
  A necromancer (Lair:2)
  2 deep elf magi (D:9)
  12 elephants
  2 hornets (Lair:6)
  Joseph (D:8)
  9 black mambas
  A guardian serpent (Lair:6)
  11 spiny frogs
  3 torpor snails (Lair:6)
  3 rime drakes (Lair:6)
  A kobold demonologist (D:11)
  5 komodo dragons
  4 trolls
  16 blink frogs
  The ghost of Multipenetrator the Changer, an amateur OpTm (D:10)
  A boulder beetle (shapeshifter) (D:8)
  A redback (Lair:6)
  Sigmund (D:5)
  26 yaks
  A spriggan (D:7)
  A wyvern (D:8)
  A fire elemental (Orc:1)
  4 hogs (Lair:4)
  3 basilisks
  9 hippogriffs
  A steam dragon (Lair:4)
  2 hungry ghosts (D:7)
  A mottled dragon (Lair:6)
  A soldier ant (D:10)
  A warg (Orc:1)
  3 nagas (Lair:4)
  27 water moccasins
  7 porcupines
  A swamp drake (Lair:6)
  11 orc warriors
  5 wasps (Lair:6)
  4 sky beasts
  3 phantoms
  3 necrophages
  12 ogres
  4 wolves (Lair:6)
  10 centaurs
  10 crocodiles
  2 big kobolds (D:11)
  18 giant frogs
  3 scorpions
  2 jellies
  5 wights
  10 killer bees
  A howler monkey (D:8)
  8 crimson imps
  2 quasits
  A wasp zombie (D:9)
  2 centaur skeletons
  14 orc priests
  A gnoll shaman (D:5)
  2 hounds
  6 giant frog skeletons
  Crazy Yiuf (D:5)
  8 worker ants
  11 iguanas
  24 orc wizards
  3 polar bear simulacra (Lair:2)
  A yak simulacrum (Lair:2)
  5 wolf simulacra (Lair:2)
  2 hound skeletons
  A howler monkey zombie (D:10)
  8 gnolls
  30 adders
  60 river rats
  6 shadow imps
  An ooze (D:7)
  2 adder skeletons
  2 adder zombies (D:6)
  4 worms
  5 dart slugs
  6 giant geckos
  106 orcs
  A ball python (D:3)
  6 giant cockroaches
  7 goblins
  9 hobgoblins
  6 jackals
  3 quokkas
  17 bats
  7 giant newts
  A jackal skeleton (D:5)
  14 kobolds
  23 rats
  2 river rat simulacra (Lair:2)
  2 bushes (Lair:2)
  2 plants
714 creatures vanquished.

Vanquished Creatures (others)
  A mottled dragon (Lair:6)
  A bush (Lair:6)
  22 fungi
  33 plants (Lair:6)
57 creatures vanquished.

Grand Total: 771 creatures vanquished

Notes
Turn   | Place    | Note
-------+----------+-------------------------------------------
     0 | D:1      | Kidiri the Deep Elf Fire Elementalist began the quest for the Orb.
     0 | D:1      | Reached XP level 1. HP: 10/10 MP: 6/6
   173 | D:1      | Reached XP level 2. HP: 13/15 MP: 0/8
   177 | D:1      | Learned a level 2 spell: Throw Flame
   952 | D:1      | Reached XP level 3. HP: 19/19 MP: 10/10
   957 | D:1      | Learned a level 3 spell: Conjure Flame
   961 | D:1      | Learned a level 3 spell: Inner Flame
  1103 | D:1      | Reached skill level 4 in Spellcasting
  1738 | D:2      | Reached XP level 4. HP: 24/24 MP: 5/12
  2099 | D:3      | Noticed an ogre
  2110 | D:3      | HP: 1/24 [ogre/giant spiked club (23)]
  2152 | D:3      | Killed an ogre
  2152 | D:3      | Reached skill level 5 in Spellcasting
  2152 | D:3      | Reached XP level 5. HP: 15/28 MP: 8/15
  2158 | D:3      | Learned a level 4 spell: Sticky Flame
  2703 | D:3      | Reached skill level 6 in Spellcasting
  2766 | D:3      | Reached XP level 6. HP: 11/32 MP: 0/17
  2929 | D:3      | Found an opulent altar of Gozag.
  3275 | D:3      | Learned a level 5 spell: Fireball
  3731 | D:3      | Reached skill level 5 in Fire Magic
  4314 | D:4      | Got a faintly glowing whip
  4315 | D:4      | Identified the +11 whip of the Sea {slash, MP+9 Str+7} (You found it on level 4 of the Dungeon)
  4671 | D:4      | Reached XP level 7. HP: 20/36 MP: 19/19
  4700 | D:4      | Found Tauhuasu's Armour Emporium.
  4706 | D:4      | Reached skill level 1 in Short Blades
  4706 | D:4      | Reached skill level 7 in Spellcasting
  4706 | D:4      | Reached skill level 1 in Evocations
  4725 | D:4      | Bought a +1 pair of gloves for 126 gold pieces
  5053 | D:5      | Entered Level 5 of the Dungeon
  5181 | D:5      | Reached skill level 1 in Fighting
  5181 | D:5      | Reached skill level 1 in Armour
  5181 | D:5      | Reached skill level 1 in Shields
  5404 | D:5      | Found a deep blue altar of Sif Muna.
  5780 | D:5      | Noticed Sigmund
  5806 | D:5      | Killed Sigmund
  5806 | D:5      | Reached XP level 8. HP: 38/43 MP: 21/21
  6192 | D:5      | Found a snail-covered altar of Cheibriados.
  6265 | D:5      | Found a runed door.
  6294 | D:5      | Found a basalt altar of Yredelemnul.
  6354 | D:5      | Noticed Crazy Yiuf
  6357 | D:5      | Killed Crazy Yiuf
  6467 | D:6      | Reached skill level 8 in Spellcasting
  6592 | D:6      | Reached skill level 5 in Conjurations
  7713 | D:6      | Reached skill level 9 in Spellcasting
  8021 | D:7      | Found Zin's Purification Station.
  8024 | D:7      | Found a glowing silver altar of Zin.
  8030 | D:7      | Reached XP level 9. HP: 48/48 MP: 24/24
  8050 | D:7      | Bought a potion of curing for 90 gold pieces
  8051 | D:7      | Noticed a hill giant
  8065 | D:7      | Killed a hill giant
  8169 | D:7      | Found a staircase to the Ecumenical Temple.
  8176 | Temple   | Entered the Ecumenical Temple
  8348 | Temple   | Became a worshipper of Vehumet
  9071 | D:7      | Found an iron altar of Okawaru.
  9198 | D:7      | Reached skill level 5 in Dodging
  9298 | D:7      | Reached skill level 10 in Spellcasting
  9449 | D:8      | Noticed Joseph
  9461 | D:8      | Killed Joseph
  9469 | D:8      | Reached XP level 10. HP: 56/56 MP: 26/26
  9524 | D:8      | Reached * piety under Vehumet
  9524 | D:8      | Offered knowledge of Sandblast by Vehumet.
  9536 | D:8      | Learned a level 1 spell: Sandblast
  9715 | D:8      | Noticed a centaur warrior
  9726 | D:8      | Killed a centaur warrior
  9726 | D:8      | Reached skill level 1 in Earth Magic
  9861 | D:8      | Noticed a centaur warrior
  9994 | D:8      | Noticed a yaktaur captain
 10013 | D:8      | Killed a yaktaur captain
 10037 | D:8      | Offered knowledge of Magic Dart by Vehumet.
 10129 | D:8      | Reached ** piety under Vehumet
 10134 | D:8      | Reached skill level 11 in Spellcasting
 10353 | D:8      | Noticed a griffon
 10359 | D:8      | Killed a griffon
 10536 | D:8      | Noticed a cyclops
 10556 | D:8      | Killed a cyclops
 10775 | D:8      | Found a burning altar of Makhleb.
 10775 | D:8      | Found a stormy altar of Qazlal.
 10776 | D:8      | Found a shadowy altar of Dithmenos.
 10931 | D:8      | Got a faintly glowing ivory amulet
 10932 | D:8      | Got a brightly glowing hand crossbow
 10932 | D:8      | Got a smoking scale mail
 10933 | D:8      | Identified the cursed +3 hand crossbow "Embalmer" {penet, rN++ MR++} (You found it on level 8 of the Dungeon)
 10941 | D:8      | Identified the amulet "Fuokeh" {Spirit rF+ MR+ Int+3} (You found it on level 8 of the Dungeon)
 11113 | D:8      | Noticed a harpy
 11125 | D:8      | Killed a harpy
 11125 | D:8      | Reached XP level 11. HP: 48/61 MP: 26/28
 11236 | D:8      | Gained mutation: You evolve. [mutagenic meat]
 11878 | D:9      | Offered knowledge of Stone Arrow by Vehumet.
 11888 | D:9      | Learned a level 3 spell: Stone Arrow
 11953 | D:9      | Reached skill level 5 in Evocations
 11987 | D:9      | Found a shimmering altar of Xom.
 11987 | D:9      | Noticed a deep elf mage
 11989 | D:9      | Noticed a deep elf mage
 11995 | D:9      | Killed a deep elf mage
 11995 | D:9      | Killed a deep elf mage
 11995 | D:9      | Reached skill level 5 in Short Blades
 12246 | D:9      | Found Siphom's Armour Shop.
 12249 | D:9      | Bought a +1 helmet of intelligence for 231 gold pieces
 12464 | D:9      | Reached *** piety under Vehumet
 12558 | D:9      | Noticed a green ugly thing
 12568 | D:9      | Noticed a seven-headed hydra
 12575 | D:9      | Killed a seven-headed hydra
 12577 | D:9      | Killed a green ugly thing
 12776 | D:9      | Learned a level 2 spell: Repel Missiles
 12780 | D:9      | Learned a level 3 spell: Mephitic Cloud
 12881 | D:10     | Entered Level 10 of the Dungeon
 13012 | D:10     | Noticed a hill giant
 13021 | D:10     | Killed a hill giant
 13021 | D:10     | Reached skill level 12 in Spellcasting
 13154 | D:10     | Noticed Harold
 13163 | D:10     | Noticed Urug
 13297 | D:10     | Killed Urug
 13371 | D:10     | Noticed Multipenetrator's ghost (amateur OpTm)
 13376 | D:10     | Killed Multipenetrator's ghost
 13557 | D:10     | Killed Harold
 13557 | D:10     | Reached skill level 1 in Air Magic
 13660 | D:10     | Offered knowledge of Static Discharge by Vehumet.
 14104 | D:11     | Reached **** piety under Vehumet
 14108 | D:11     | Reached XP level 12. HP: 66/67 MP: 30/30
 14125 | D:11     | Offered knowledge of Olgreb's Toxic Radiance by Vehumet.
 14265 | D:11     | Gained mutation: You have sharp toenails. [mutagenic meat]
 14268 | D:11     | Gained mutation: You are dopey. (Int -2) [mutagenic meat]
 14271 | D:11     | Gained mutation: You are partially covered in icy blue scales. (AC +2) [mutagenic meat]
 14274 | D:11     | Gained mutation: Scrolls take you a little longer to read. [mutagenic meat]
 14461 | D:11     | Reached ***** piety under Vehumet
 14475 | D:11     | Offered knowledge of Irradiate by Vehumet.
 14605 | D:11     | Found a staircase to the Orcish Mines.
 14708 | D:11     | Gained mutation: You are partially covered in thin metallic scales. (AC +2) [evolution]
 14778 | D:11     | Found a staircase to the Lair.
 14895 | D:11     | Reached skill level 5 in Fighting
 15288 | Lair:1   | Entered Level 1 of the Lair of Beasts
 15388 | Lair:1   | Noticed a four-headed hydra
 15395 | Lair:1   | Killed a four-headed hydra
 15658 | Lair:1   | Noticed an eight-headed hydra
 15665 | Lair:1   | Killed an eight-headed hydra
 15665 | Lair:1   | Reached skill level 5 in Earth Magic
 16149 | Lair:2   | Reached skill level 5 in Armour
 16488 | Lair:2   | Offered knowledge of Bolt of Magma by Vehumet.
 16497 | Lair:2   | Reached skill level 13 in Spellcasting
 16520 | Lair:2   | Learned a level 5 spell: Bolt of Magma
 18045 | Lair:3   | Noticed a four-headed hydra
 18048 | Lair:3   | Killed a four-headed hydra
 18091 | Lair:3   | Found a staircase to the Swamp.
 18449 | Lair:4   | Got a faintly humming buckler
 18460 | Lair:4   | Identified the +1 buckler of Conscience {rF- Dex+5} (You found it on level 4 of the Lair of Beasts)
 18512 | Lair:4   | Reached XP level 13. HP: 73/73 MP: 32/32
 18566 | Lair:4   | Noticed Kirke
 18578 | Lair:4   | Killed Kirke
 18709 | Lair:4   | Found a staircase to the Snake Pit.
 18995 | Lair:4   | Offered knowledge of Lee's Rapid Deconstruction by Vehumet.
 19006 | Lair:4   | Learned a level 5 spell: Lee's Rapid Deconstruction
 19274 | Lair:4   | Lost mutation: Scrolls take you a little longer to read. [evolution]
 20374 | Lair:6   | Entered Level 6 of the Lair of Beasts
 20771 | Lair:6   | Reached skill level 14 in Spellcasting
 21599 | Lair:6   | Found a staircase to the Slime Pits.
 21600 | Lair:6   | Found a viscous altar of Jiyva.
 22314 | Lair:6   | Reached ****** piety under Vehumet
 22488 | Lair:6   | Reached XP level 14. HP: 80/80 MP: 27/34
 22559 | Lair:6   | Offered knowledge of Ozocubu's Refrigeration by Vehumet.
 23505 | Lair:6   | HP: 3/80 [fire dragon/blast of flame (21)]
 23628 | Lair:6   | Gained mutation: Your flesh is cold resistant. (rC+) [evolution]
 24440 | Orc:1    | Entered Level 1 of the Orcish Mines
 24949 | Orc:2    | Entered Level 2 of the Orcish Mines
 25055 | Orc:2    | Found a staircase to the Elven Halls.
 25055 | Orc:2    | Noticed Azrael
 25157 | Orc:1    | Reached skill level 10 in Fire Magic
 25173 | Orc:1    | Killed from afar by Azrael

Vault maps used:
D:1:      co_arrival_square_in_a_square_in_a_square
D:2:      first_bread, nrook_mini_vaults, hangedman_decor_diamond_cutter
D:3:      nicolae_gozag_seed_capital
D:4:      serial_shops, shop
D:5:      kennysheep_little_box, lemuel_coloured_pillars_altar,
          cheibriados_altar_1, minmay_misc_feat_doors, kennysheep_windowed_goal,
          uniq_sigmund, uniq_crazy_yiuf_cottage
D:7:      zin_purify, the_bakery, okawaru_metal_pillars_3
D:8:      gammafunk_temple_overflow_claw, minmay_the_grid_3x2, uniq_joseph
D:9:      minmay_bloctagon, serial_shops, kennysheep_mini,
          david_defended_altar_elf
D:10:     grunt_ministairs_5, uniq_harold, uniq_urug
D:11:     grunt_lair_entry_orc_guard_hut, hiddenorc2_lemuel
Temple:   dshaligram_water_room_temple
Lair:2:   eino_house_with_fridge
Lair:3:   swamp_mist, bh_autumn_forest_stairs, lemuel_fruit_tree
Lair:4:   guppyfry_snake_entry_garden, uniq_kirke
Lair:5:   infiniplex_staircase_pool
Lair:6:   hangedman_lair_tendril_chambers, guppyfry_lair_end_dragon,
          slime_altar_1, grunt_megastairs_3
Orc:1:    serial_shops, basic_altar
Orc:2:    st_orc_elflike, uniq_azrael, uniq_donald

Skill      XL: |  1  2  3  4  5  6  7  8  9 10 11 12 13 14 |
---------------+-------------------------------------------+-----
Conjurations   | 2 3 4 5 6 7 8 9 |  9.7
Spellcasting   | 4 5 6 7 9 10 11 12 13 14 | 14.8
Fire Magic     | 4 5 6 7 8 9 10 | 10.0
Short Blades   | 1 2 3 4 5 6 7 |  7.4
Evocations     | 1 2 3 4 5 7 8 |  8.5
Dodging        | 3 4 5 6 7 8 9 |  9.6
Fighting       | 1 2 3 4 5 6 |  6.4
Armour         | 1 2 3 4 5 6 |  6.2
Shields        | 1 2 3 4 |  4.0
Earth Magic    | 2 4 5 6 7 |  7.0
Air Magic      | 1 3 4 |  4.9
Stealth        | |  2.4

Action                   |  1- 3 |  4- 6 |  7- 9 | 10-12 | 13-15 || total
-------------------------+-------+-------+-------+-------+-------++-------
Melee: Dagger            |    34 |   117 |       |       |   265 ||   416
       Whip              |       |     8 |   202 |   501 |    70 ||   781
       Short sword       |       |     6 |       |       |       ||     6
 Cast: Flame Tongue      |    59 |    58 |    46 |   308 |    82 ||   553
       Throw Flame       |     5 |     7 |     4 |    45 |    21 ||    82
       Sticky Flame      |       |     6 |    17 |    87 |    73 ||   183
       Inner Flame       |       |     3 |     1 |     9 |       ||    13
       Conjure Flame     |       |     1 |     3 |    16 |     1 ||    21
       Fireball          |       |       |     1 |     9 |    18 ||    28
       Sandblast         |       |       |       |     1 |       ||     1
       Stone Arrow       |       |       |       |     3 |    22 ||    25
       Bolt of Magma     |       |       |       |     5 |    68 ||    73
       Repel Missiles    |       |       |       |       |     1 ||     1
Evoke: Wand              |       |       |       |     1 |     2 ||     3
  Use: Scroll            |       |     7 |    10 |    14 |    11 ||    42
       Potion            |       |     5 |     1 |     2 |     9 ||    17
 Stab: Sleeping          |     6 |     5 |    10 |     3 |     3 ||    27
       Invisible         |       |     2 |       |       |       ||     2
  Eat: Chunk             |     2 |     6 |    34 |    25 |    15 ||    82
       Fruit             |       |     5 |       |       |       ||     5
       Royal jelly       |       |       |       |     1 |       ||     1
       Pizza             |       |       |       |       |     4 ||     4
Armor: Robe              |     7 |    27 |    34 |       |       ||    68
       Leather armour    |       |       |     8 |   162 |   127 ||   297
Dodge: Dodged            |    31 |   104 |   157 |   471 |   307 ||  1070
       Deflected         |       |       |       |       |     5 ||     5
Block: Buckler           |       |       |    25 |   155 |   134 ||   314
